 Dungeon Crawl Stone Soup version 0.20-a0-1018-ge435b50 (console) character file.

231 vuev the Skirmisher (level 5, -3/48 HPs)
             Began as a Minotaur Monk on Apr 17, 2017.
             Slain by an ogre
             ... wielding a +0 giant club
              (27 damage)
             ... on level 3 of the Dungeon.
             The game lasted 00:05:47 (2834 turns).

vuev the Skirmisher (Minotaur Monk)                 Turns: 2834, Time: 00:05:49

Health: -3/48      AC:  5    Str: 17    XL:     5   Next: 72%
Magic:  4/4        EV: 12    Int:  7    God:
Gold:   103        SH:  0    Dex: 12    Spells: 4/4 levels left

rFire    + . .     SeeInvis .   n - +0 war axe
rCold    x . .     Gourm    .   (no shield)
rNeg     . . .     Faith    .   d - +0 ring mail
rPois    .         Spirit   .   (helmet restricted)
rElec    .         Reflect  .   (no cloak)
rCorr    .         Harm     .   (no gloves)
MR       .....                  (no boots)
Stlth    ++........             (no amulet)
Regen    0.2/turn               c - ring of fire
MPRegen  0.1/turn               (no ring)

@: no status effects
A: retaliatory headbutt, horns 2
a: no special abilities


You were on level 3 of the Dungeon.
You were not hungry.

You visited 1 branch of the dungeon, and saw 4 of its levels.

You collected 103 gold pieces.

Inventory:

Hand Weapons
 e - a +0 club
 l - a +0 hand axe
 n - a +0 war axe (weapon)
Missiles
 p - a throwing net
 r - 13 stones (quivered)
Armour
 a - a +0 robe
 d - a +0 ring mail (worn)
Jewellery
 c - a ring of fire (left hand)
Scrolls
 h - 2 scrolls of identify
 i - a scroll of remove curse {unknown}
 o - 2 scrolls of amnesia {unknown}
 q - 2 scrolls of teleportation {unknown}
 t - a scroll of enchant armour {unknown}
Potions
 f - a potion of heal wounds
 g - a potion of might {unknown}
 j - a potion of curing {unknown}
 m - a potion of degeneration {unknown}
 s - a potion of ambrosia {unknown}
Comestibles
 b - a bread ration
 k - 3 royal jellies
 u - 4 chunks of flesh


   Skills:
 - Level 5.4 Fighting
 * Level 4.6 Axes
 - Level 4.0 Armour
 - Level 4.3 Dodging
 - Level 3.2 Stealth


You had 4 spell levels left.
You didn't know any spells.

Dungeon Overview and Level Annotations

Branches:
Dungeon (4/15)
 Temple: D:4-7

Altars:
Elyvilon
Kikubaaqudgha


Innate Abilities, Weirdness & Mutations

You reflexively headbutt those who attack you in melee.
You have a pair of horns on your head.


Message History

Throwing (i - inventory. (,) - cycle):
r - 15 stones (quivered)
Press: ? - help, Shift-Dir - straight line, f/p - ogre
Aim: an ogre, wielding a giant club You throw a stone.
The stone hits the ogre.
The ogre is lightly wounded.
Throwing (i - inventory. (,) - cycle):
r - 14 stones (quivered)
Press: ? - help, Shift-Dir - straight line, f/p - ogre
Aim: an ogre, wielding a giant club You throw a stone.
The stone hits the ogre.
The ogre is lightly wounded.
You slash the ogre!
The ogre is moderately wounded.
The ogre hits you with a giant club! The ogre closely misses you.
You climb upwards.
There is a stone staircase leading down here.
The ogre hits you with a giant club! The ogre hits you with a giant club!!
Ouch! That really hurt!
You die...

..........#####.# #....#...##.#
......##### #.## #..###.#.#..#
.....## ######..# #....#.......
.....#####.......####..........#.
###......#........##.............
♣ ######...>....#..#............#
♣♣## ###.###..................#
...### ##.....O....#..........##
P♣...####...####@........##...##
♣♣##...#....####.....##.###.###
#.####.#.#......♣♣♣♣♣##.###.#
#.####.......#.♣♣P.P♣♣#..#..#
...............♣P...P♣♣#.#.##
#.###.#...#.###♣...PP♣♣#.#.#
#..#........###♣♣♣♣..P♣♣.#.#
........##....## ♣P.....#.#
##..##.##......###♣P..PP♣..#


You could see an ogre.

Vanquished Creatures
  The ghost of pedritolo the Skirmisher, an amateur BaAK of Lugonu (D:3)
  3 adders
  2 oozes
  4 dart slugs
  4 leopard geckos
  4 bats
  2 giant cockroaches
  4 goblins
  7 hobgoblins
  3 jackals (D:1)
  A quokka (D:2)
  3 frilled lizards
  9 kobolds
  3 rats
50 creatures vanquished.

Notes
Turn   | Place    | Note
-------+----------+-------------------------------------------
     0 | D:1      | vuev the Minotaur Monk began the quest for the Orb.
     0 | D:1      | Reached XP level 1. HP: 22/22 MP: 0/0
   286 | D:1      | Reached skill level 5 in Fighting
   295 | D:1      | Reached skill level 1 in Armour
   301 | D:1      | Reached XP level 2. HP: 23/29 MP: 1/1
  1117 | D:1      | Reached XP level 3. HP: 26/36 MP: 2/2
  1517 | D:2      | Reached skill level 1 in Axes
  1716 | D:2      | Reached XP level 4. HP: 42/42 MP: 3/3
  1876 | D:2      | Found a faded altar of an unknown god.
  1976 | D:3      | Noticed pedritolo's ghost (amateur BaAK)
  2052 | D:3      | Killed pedritolo's ghost
  2052 | D:3      | Reached XP level 5. HP: 30/48 MP: 4/4
  2213 | D:3      | Found a white marble altar of Elyvilon.
  2638 | D:3      | Found an ancient bone altar of Kikubaaqudgha.
  2814 | D:4      | Noticed an ogre
  2834 | D:3      | Slain by an ogre

Vault maps used:
D:1:      tarquinn_simple_flora_water_b
D:2:      chequers_ecumenical_altar_simple
D:3:      nicolae_overflow_crystal_walls, old_standard_altar, serial_forest,
          infiniplex_forest_clump_double, infiniplex_forest_zigzag_1,
          infiniplex_forest_pool, infiniplex_forest_side_room,
          infiniplex_forest_straight_4, infiniplex_forest_end_2,
          infiniplex_forest_lined_room_2
D:4:      first_bread, nemelex_dance_club_becter

Skill      XL: |  1  2  3  4  5 |
---------------+----------------+-----
Fighting       | 5 |  5.4
Armour         | 1 2 3 4 |  4.0
Axes           | 2 4 |  4.6
Dodging        | |  4.3
Stealth        | |  3.2

Action                   |  1- 3 |  4- 6 || total
-------------------------+-------+-------++-------
Melee: Club              |    44 |       ||    44
       Headbutt          |    16 |     9 ||    25
       Unarmed           |     2 |       ||     2
       Hand axe          |    20 |       ||    20
       War axe           |     3 |    42 ||    45
Throw: Stone             |       |     6 ||     6
  Use: Scroll            |       |     1 ||     1
 Stab: Sleeping          |     2 |       ||     2
  Eat: Chunk             |     2 |     1 ||     3
       Bread ration      |       |     1 ||     1
Armor: Ring mail         |    20 |     8 ||    28
Dodge: Dodged            |    59 |    30 ||    89
